 Dungeon Crawl Stone Soup version 0.28-a0-906-g0406aca7d3 (webtiles) character file.

Game seed: 11133101185127834464

47 horus123 the Conjurer (level 3, -1/19 HPs)
             Began as a Deep Elf Conjurer on Nov 23, 2021.
             Was a Follower of Dithmenos.
             Killed from afar by Sigmund (14 damage)
             ... with a puff of flame
             ... on level 1 of the Dungeon.
             The game lasted 00:03:16 (1141 turns).

horus123 the Conjurer (Deep Elf Conjurer)           Turns: 1141, Time: 00:03:16

Health: -1/19      AC:  2    Str:  4    XL:     3   Next: 48%
Magic:  6/9        EV: 12    Int: 22    God:    Dithmenos [*.....]
Gold:   60         SH:  0    Dex: 14    Spells: 5/8 levels left

rFire   . . .      SeeInvis .   c - +0 dagger
rCold   . . .      Faith    .   (no shield)
rNeg    . . .      Spirit   .   a - +0 robe
rPois   .          Reflect  .   (no helmet)
rElec   .          Harm     .   (no cloak)
rCorr   .          Rampage  .   (no gloves)
Will    .....                   (no boots)
Stlth   +++.......              (no amulet)
HPRegen 0.06/turn               (no ring)
MPRegen 0.11/turn               (no ring)

@: wreathed by umbra
A: no striking features
a: Renounce Religion


You were on level 1 of the Dungeon.
You worshipped Dithmenos.
Dithmenos was aware of your devotion.
You visited 1 branch of the dungeon, and saw 2 of its levels.

You collected 60 gold pieces.

Inventory:

Hand Weapons
 c - a +0 dagger (weapon)
Armour
 a - a +0 robe (worn)
Scrolls
 e - a scroll of enchant weapon {unknown}
Potions
 b - 2 potions of cancellation
 d - a potion of might


   Skills:
 + Level 2.6 Dodging
 * Level 3.0 Stealth
 + Level 3.2 Spellcasting
 + Level 5.4 Conjurations


You had 5 spell levels left.
You knew the following spells:

 Your Spells              Type           Power      Damage    Failure   Level
a - Magic Dart            Conj           100%       1d8       1%          1
b - Searing Ray           Conj           54%        2d6       1%          2

Your spell library contained the following spells:

 Spells                   Type           Power      Damage    Failure   Level
 Conjure Flame            Conj/Fire      15%        6-21      12%         3
 Dazzling Flash           Conj/Hex       30%        N/A       12%         3
 Ignite Poison            Fire/Tmut/Pois 3%         N/A       36%         3
 Fulminant Prism          Conj/Hex       7%         3d7       36%         4
 Iskenderun's Mystic Bla  Conj/Tloc      15%        2d5       36%         4
 Sticky Flame             Conj/Fire      15%        2d4       36%         4


Dungeon Overview and Level Annotations

Branches:
Dungeon (2/15)

Altars:
Dithmenos

Shops:
D:2 *

Annotations:
D:1 Sigmund


Message History

You feel a little less mighty now.
You start resting.
HP restored.
You climb downwards.
Level annotation: Sigmund
There is a stone staircase leading up here.
Casting: Magic Dart (safe; 1% risk of failure)
Confirm with . or Enter, or press ? or * to list all spells.
Aiming: Searing Ray (safe; 1% risk of failure)
Press: ? - help, Shift-Dir - straight line, f - Sigmund
Aim: Sigmund, wielding a +0 scythe and wearing a +0 robe (77% to hit)
The searing ray hits Sigmund.
Sigmund is lightly wounded. (Press . to maintain the ray.)
The searing ray hits Sigmund.
Sigmund is moderately wounded.
Sigmund casts a spell at you.
You are confused.
Sigmund closely misses you.
You're too confused to cast spells.
Sigmund hits you with a +0 scythe.
You climb upwards.
There is a stone staircase leading down here.
You feel less confused. Sigmund casts a spell at you.
You are confused.
You're too confused to move!
Sigmund casts a spell at you. The magic dart hits you.
You bump into the rock wall.
You bump into the rock wall.
Sigmund gestures wildly while chanting.
Sigmund flickers and vanishes!
Deactivating autopickup; reactivate with Ctrl-A.
You feel less confused.
You hear some strange, mumbled words.
A puff of flame appears from out of thin air!
The puff of flame hits you!
Ouch! That really hurt!
You die...

#.[..## #........###
##....# #........#..
#..#.# #........#P.
#....# #........#..
#....# #........###
##...####........#..
#......#........#P.
#...............#..
#.@.............###
##.............(.#..
#...{.>....>.....#..
#.#..............#..
#.#.#............###
#...............##
#...............#
#...............#
###...............#


There were no monsters in sight!

Vanquished Creatures
  3 adders (D:2)
  An endoplasm (D:2)
  4 goblins
  A hobgoblin (D:1)
  A quokka (D:2)
  2 ball pythons
  4 bats
  4 frilled lizards (D:1)
  3 rats
23 creatures vanquished.

Notes
Turn   | Place    | Note
-------+----------+-------------------------------------------
     0 | D:1      | horus123 the Deep Elf Conjurer began the quest for the Orb.
     0 | D:1      | Reached XP level 1. HP: 10/10 MP: 6/6
    63 | D:1      | Found a faded altar of an unknown god.
    81 | D:1      | Prayed at the altar of an unknown god.
    81 | D:1      | Became a worshipper of Dithmenos the Shadowed
    81 | D:1      | Reached * piety under Dithmenos
   152 | D:1      | Reached XP level 2. HP: 15/15 MP: 5/8
   573 | D:1      | Learned a level 2 spell: Searing Ray
   612 | D:2      | Reached skill level 5 in Conjurations
   677 | D:2      | Reached XP level 3. HP: 19/19 MP: 3/9
   856 | D:2      | Found Byug's General Store.
   898 | D:2      | Noticed Sigmund
  1141 | D:1      | Killed from afar by Sigmund

Illustrated notes

Levels and vault maps discovered:
D:1:      dpeg_arrival_prison, layout_rooms, basic_ecumenical_altar,
          minmay_tetromino_o4
D:2:      layout_loops_cross, serial_shops, nicolae_shop_behind_doors,
          kennysheep_small_spiral, st_stairs_8, uniq_jessica, uniq_sigmund

Skill      XL: |  1  2  3 |
---------------+----------+-----
Conjurations   | 5 |  5.4
Stealth        | 3 |  3.0
Dodging        | |  2.6
Spellcasting   | |  3.2

Action                   || total
-------------------------++-------
Melee: Dagger            ||     4
 Cast: Magic Dart        ||    33
       Searing Ray       ||     3
  Use: Scroll            ||     2
       Potion            ||     2
Dodge: Dodged            ||     6

Table legend: (Time is in decaauts)
 A = Elapsed time spent in this place.
 B = Non-inter-level travel time spent in this place.
 C = Inter-level travel time spent in this place.
 D = Time resting spent in this place.
 E = Time spent auto-exploring this place.
 F = Levels seen in this place.
 G = Mean time per level.
                   A        B        C        D        E       F      G
               +--------+--------+--------+--------+--------+-----+--------+
         Total |   1141 |   1105 |     36 |    190 |    715 |   2 |  570.5 |
       Dungeon |   1141 |   1105 |     36 |    190 |    715 |   2 |  570.5 |
               +--------+--------+--------+--------+--------+-----+--------+

Top non-repeatable levels by time:
     D:1: 791 daAuts
     D:2: 350 daAuts
